 Dungeon Crawl Stone Soup version 0.14-a0-2730-g72a2965 (webtiles) character file.

561 Jenx the Stinger (level 6, 0/45 HPs)
             Began as a Draconian Venom Mage on Feb 20, 2014.
             Slain by a quasit (1 damage)
             ... on Level 4 of the Dungeon.
             The game lasted 00:17:52 (4213 turns).

Jenx the Stinger (Draconian Venom Mage)             Turns: 4213, Time: 00:17:52

HP   0/45        AC  6     Str 10      XL: 6   Next: 30%
MP  20/20        EV  2     Int 17      God:
Gold 221         SH  0     Dex -2 (12) Spells:  3 memorised,  2 levels left

rFire  . . .     SeeInvis .     a - +0 dire flail
rCold  . . .     Clarity  .     (armour unavailable)
rNeg   . . .     Conserve .     (no shield)
rPois  +         rCorr    .     (helmet restricted)
rElec  .         rRot     .     (no cloak)
SustAb . .       Spirit   .     (no gloves)
rMut   .         Warding  .     (no boots)
Saprov . . .     Stasis   .     (no amulet)
MR     .....                    i - ring of magical power
                                e - ring of poison resistance

@: lost dexterity, very slow, not resistant to hostile enchantments, extremely
unstealthy
A: unfitting armour, AC +6
a: no special abilities


You were on level 4 of the Dungeon.
You were hungry.

You visited 1 branch of the dungeon, and saw 4 of its levels.

You collected 221 gold pieces.

Inventory:

Hand weapons
 a - a +0,+0 dire flail (weapon)
 b - a -1,+3 orcish war axe of holy wrath
 g - a +0,+2 whip of distortion {!w}
 r - a +2,+0 anti-magic short sword
Missiles
 z - 10 tomahawks (quivered)
Magical devices
 k - a wand of polymorph (0)
Comestibles
 c - 6 bread rations
 f - 2 apples
 t - a choko
Scrolls
 d - a scroll of fog {unknown}
 h - 2 scrolls of enchant armour {unknown}
 j - 4 scrolls of teleportation
 l - 2 scrolls of recharging {unknown}
 o - a scroll of blinking {unknown}
 p - a scroll of noise {unknown}
 q - a scroll of random uselessness {unknown}
 s - a scroll of magic mapping {unknown}
 v - 4 scrolls of remove curse
 y - 2 scrolls of enchant weapon I {unknown}
 A - a scroll of curse jewellery {unknown}
Jewellery
 e - a ring of poison resistance (left hand)
 i - a ring of magical power (right hand)
 n - an uncursed ring of see invisible {unknown}
Potions
 m - 2 potions of lignification
Books
 w - a Young Poisoner's Handbook

   Spells                             Type                      Level
   *Sting                             Conjuration/Poison           1
   *Cure Poison                       Poison                       2
   Mephitic Cloud                     Conjuration/Poison/Air       3
   *Olgreb's Toxic Radiance           Poison                       4
   Venom Bolt                         Conjuration/Poison           5


   Skills:
 - Level 1.7 Dodging
 - Level 1.7 Stealth
 + Level 2.3 Spellcasting
 * Level 2.2 Conjurations
 - Level 7.0 Poison Magic


You had 2 spell levels left.
You knew the following spells:

 Your Spells              Type           Power        Failure   Level  Hunger
a - Sting                 Conj/Pois      ###.         2%          1    #......
b - Olgreb's Toxic Radia  Pois           ####....     12%         4    #####..
q - Cure Poison           Pois           ####......   1%          2    ##.....


Dungeon Overview and Level Annotations

Branches:
Dungeon (4/16)
 Temple: D:4-7

Altars:
Okawaru


Message History

The quasit completely misses you.
You can move again.
You closely miss the quasit.
The quasit is severely wounded.
The quasit bites you but does no damage.
The quasit claws you but does no damage.
The orc skeleton hits you.
* * * LOW HITPOINT WARNING * * *
The quasit bites you but does no damage.
The quasit claws you.
* * * LOW HITPOINT WARNING * * *
You feel clumsy.
You convulse from lack of dexterity!
* * * LOW HITPOINT WARNING * * *
The quasit claws you but does no damage.
The orc skeleton hits you but does no damage.
The quasit bites you but does no damage.
The quasit claws you but does no damage.
The quasit claws you.
You die...

.............############.##.####
.............# #.##.#
.............# #.##.####
.....<.......############.##.....
.............##...........##.....
..(..........##...........##.....
..(..........##...........##.###.
..............+................+.
.............##z@.........##.###.
................5..(.............
.............############.##.####
.................................
.............############.##.###.
...................>...........#.
.............############.##.#.#.
...........................#.#.#[
.............############..#.#.#.


You could see a quasit and an orc skeleton.

Vanquished Creatures
  Edmund (D:4)
  A worker ant (D:4)
  A scorpion (D:4)
  An ogre skeleton (D:4)
  6 adders
  A giant mite (D:1)
  A worm (D:2)
  2 giant geckos
  2 oozes
  11 orcs
  9 bats
  4 giant cockroaches
  6 hobgoblins
  2 jackals (D:2)
  11 kobolds
  6 quokkas
  2 ball pythons (D:3)
  13 giant newts
  4 goblins
  5 rats
89 creatures vanquished.

Vanquished Creatures (others)
  3 orcs (D:3)
  A rat (D:2)
4 creatures vanquished.

Grand Total: 93 creatures vanquished

Notes
Turn   | Place    | Note
--------------------------------------------------------------
     0 | D:1      | Jenx, the Draconian Venom Mage, began the quest for the Orb.
     0 | D:1      | Reached XP level 1. HP: 14/14 MP: 3/3
   133 | D:1      | Reached XP level 2. HP: 20/20 MP: 0/4
   271 | D:1      | Learned a level 2 spell: Cure Poison
   717 | D:1      | Found an iron altar of Okawaru.
  1213 | D:2      | Reached skill level 5 in Poison Magic
  1282 | D:2      | Reached XP level 3. HP: 26/26 MP: 0/6
  2105 | D:2      | Reached XP level 4. HP: 33/33 MP: 3/7
  2158 | D:2      | Learned a level 4 spell: Olgreb's Toxic Radiance
  2566 | D:3      | Reached skill level 6 in Poison Magic
  3039 | D:3      | Reached XP level 5. HP: 32/38 MP: 9/9
  3274 | D:4      | Noticed Edmund
  3319 | D:4      | Killed Edmund
  3319 | D:4      | Reached skill level 1 in Conjurations
  3319 | D:4      | Reached skill level 7 in Poison Magic
  3530 | D:4      | Reached XP level 6. HP: 45/45 MP: 10/10
  4211 | D:4      | Lost dexterity.
  4213 | D:4      | HP: 1/45 [clumsiness (a quasit)]
  4213 | D:4      | Slain by a quasit

Action                   |  1- 3 |  4- 6 || total
-------------------------+-------+-------++-------
Melee: Dagger            |    88 |    28 ||   116
       Whip              |    12 |       ||    12
       War axe           |       |    56 ||    56
       Dire flail        |       |    63 ||    63
Throw: Dart              |     7 |       ||     7
 Cast: Sting             |    46 |    43 ||    89
       Olgreb's Toxic Ra |       |     6 ||     6
       Cure Poison       |       |     6 ||     6
  Use: Scroll            |     5 |     5 ||    10
       Potion            |       |     1 ||     1
 Stab: Sleeping          |     1 |     1 ||     2
